Map: Bel'Shir Vestige LE (Void)

Players

RachelW - Winner!

  • Race: Protoss Protoss
  • League: Silver
  • Spawn Location: 11:00

A.I. 1 (Hard)

  • Race: Terran Terran
  • Spawn Location: 5:00

VOD

Have the link to the VOD?

Description

Time

  • Played on: April 28, 2017, 5:52 p.m.
  • Length: 9:42
Show
View Real Time Build Order
Export as new Build Order

RachelW Protoss - Winner!

Build Orders: 1 Gate Expand, MMM Bio 

Get SALT Encoding   

  12  0:06  Probe (Chrono Boost)  
  13  0:17  Probe (Chrono Boost)  
  14  0:21  Pylon  
  14  0:28  Probe (Chrono Boost)  
  15  0:40  Probe (Chrono Boost)  
  16  0:43  Gateway  
  16  0:47  Assimilator  
  16  0:50  Probe (Chrono Boost)  
  17  1:01  Probe (Chrono Boost)  
  19  1:11  Probe (Chrono Boost)  
  19  1:22  Probe (Chrono Boost)  
  20  1:28  Nexus  
  20  1:39  Cybernetics Core  
  20  1:41  Probe (Chrono Boost)  
  21  1:51  Probe (Chrono Boost)  
  22  1:54  Pylon  
  22  2:02  Probe (Chrono Boost)  
  23  2:11  Warp Gate  
  23  2:13  Probe (Chrono Boost)  
  24  2:18  Stalker  
  26  2:39  Mothership Core (Chrono Boost)  
  28  2:45  Nexus  
  28  2:56  Stalker  
  30  3:04  Assimilator  
  30  3:06  Gateway  
  30  3:09  Gateway  
  30  3:11  Gateway  
  30  3:32  Probe (Chrono Boost)  
  31  3:41  Pylon  
  31  3:43  Pylon  
  31  3:58  Probe (Chrono Boost)  
  34  4:07  Pylon  
  34  4:09  Pylon  
  35  4:10  Probe (Chrono Boost)  
  35  4:12  Pylon  
  33  4:21  Robotics Facility  
  33  4:23  Probe (Chrono Boost)  
  34  4:27  Stalker  
  34  4:28  Stalker x2  
  40  4:35  Probe (Chrono Boost)  
  40  4:37  Probe (Chrono Boost)  
  40  4:38  Pylon  
  43  4:47  Probe (Chrono Boost)  
  43  4:48  Probe (Chrono Boost)  
  44  4:58  Probe (Chrono Boost)  
  44  4:59  Probe (Chrono Boost)  
  46  5:00  Sentry x2  
  50  5:08  Observer  
  50  5:09  Probe (Chrono Boost)  
  50  5:11  Probe (Chrono Boost)  
  50  5:14  Zealot x2  
  55  5:19  Probe (Chrono Boost)  
  58  5:23  Probe (Chrono Boost)  
  58  5:27  Assimilator  
  59  5:29  Assimilator  
  59  5:30  Probe (Chrono Boost)  
  59  5:35  Probe (Chrono Boost)  
  59  5:40  Probe (Chrono Boost)  
  59  5:42  Stalker x3  
  58  5:47  Stalker, Probe (Chrono Boost)  
  55  5:51  Probe (Chrono Boost)  
  54  5:59  Probe (Chrono Boost)  
  55  6:05  Immortal  
  59  6:18  Zealot x4  
  66  6:47  Stalker x2  
  66  6:48  Stalker x2  
  66  6:50  Immortal  
  78  7:01  Nexus  
  70  7:19  Stalker  
  70  7:20  Stalker  
  70  7:21  Stalker  
  76  7:25  Stalker  
  76  7:29  Warp Prism  
  72  7:51  Stalker x3  
  72  7:52  Stalker  
  80  8:03  Gateway  
  80  8:05  Immortal, Gateway  
  84  8:07  Gateway  
  76  8:30  Probe x2 (Chrono Boost)  
  76  8:31  Probe (Chrono Boost)  
  79  8:44  Immortal  
  79  8:47  Probe x2 (Chrono Boost)  
  79  8:48  Stalker x3, Probe (Chrono Boost)  
  86  8:49  Stalker  
  92  9:13  Stalker x5  
  92  9:14  Stalker  
  104  9:18  Sentry  
Show
View Real Time Build Order
Export as new Build Order

A.I. 1 (Hard) Terran 

Build Orders:  

Get SALT Encoding   

  12  0:00  SCV  
  13  0:13  SCV  
  14  0:19  Supply Depot  
  14  0:25  SCV  
  15  0:41  SCV  
  16  0:44  Barracks  
  16  0:49  Refinery  
  16  0:53  SCV  
  17  1:05  SCV  
  18  1:17  SCV  
  19  1:20  Supply Depot  
  19  1:30  SCV  
  19  1:31  Marine  
  21  1:41  Barracks  
  21  1:42  Orbital Command  
  21  1:49  Refinery  
  21  1:50  Barracks Tech Lab  
  21  2:06  Supply Depot  
  21  2:08  Marine  
  22  2:26  Marine  
  22  2:27  Marine  
  24  2:43  Marine  
  25  2:45  Marine  
  25  2:47  Supply Depot  
  26  2:53  SCV  
  27  3:01  Marine  
  27  3:03  Marine  
  27  3:05  SCV  
  30  3:07  Engineering Bay  
  30  3:17  SCV  
  33  3:20  Marauder  
  33  3:21  Marine  
  33  3:23  Supply Depot  
  34  3:29  SCV  
  35  3:38  Marine  
  35  3:40  Marine  
  37  3:41  SCV  
  38  3:53  SCV  
  39  3:59  Marauder  
  41  4:20  Marauder  
  43  4:55  Barracks Tech Lab  
  43  4:56  Stimpack  
  43  4:57  Factory  
  43  5:00  Factory  
  43  5:05  Command Center  
  43  5:13  Concussive Shells  
  43  5:14  Terran Infantry Weapons Level 1  
  43  5:30  Missile Turret  
  42  5:36  Missile Turret  
  42  5:37  Marine  
  42  5:41  Factory Tech Lab  
  36  5:45  Marine, Starport  
  36  5:47  Factory Tech Lab, Starport  
  32  5:55  Combat Shields, Marine  
  33  6:03  Marine  
  34  6:08  Supply Depot  
  34  6:13  Marine  
  34  6:17  SCV  
  34  6:18  Bunker  
  36  6:19  SCV  
  36  6:21  Marine  
  38  6:29  SCV  
  38  6:30  Refinery, Starport Tech Lab  
  38  6:31  Marine, SCV  
  38  6:32  Refinery, Starport Tech Lab  
  41  6:39  Marine  
  42  6:41  Siege Tank  
  42  6:42  SCV  
  42  6:43  SCV  
  47  6:49  Raven, Widow Mine  
  47  6:54  SCV  
  51  6:55  SCV  
  51  6:57  Marine  
  51  7:01  Marine  
  51  7:06  SCV  
  51  7:07  SCV  
  48  7:08  Terran Infantry Armor Level 1  
  40  7:15  Marauder  
  40  7:18  SCV  
  40  7:19  Marine, SCV  
  40  7:22  Siege Tank  
  41  7:29  Widow Mine  
  38  7:30  SCV  
  38  7:34  SCV  
  41  7:37  Marine  
  41  7:42  SCV  
  42  7:45  Marine  
  42  7:49  SCV  
  39  7:55  Marine  
  39  7:56  SCV  
  41  8:01  SCV  
  40  8:08  SCV  
  37  8:13  SCV  
  37  8:16  Marine  
  38  8:21  SCV  
  39  8:38  Marine  
  35  8:42  Marine  
  24  8:56  Marine  
  24  8:59  Marine  
Tags
 
Add a new tag
Caveats
  • Supply blocks, unpowered buildings, or Contaminate may cause inaccurate times.
  • Supply counts are checked every 10 seconds.